 Dungeon Crawl Stone Soup version 0.24.0-2-g5b39cebb1c (webtiles) character file.

Game seed: 6928674675187696799, levelgen mode: deterministic

13436 Inarius the Cleaver (level 12, 0/92 HPs)
             Began as a Formicid Berserker on Oct 29, 2019.
             Was an Elder of Trog.
             Slain by a six-headed hydra (9 damage)
             ... on level 2 of the Lair of Beasts.
             The game lasted 00:19:00 (14986 turns).

Inarius the Cleaver (Formicid Berserker)           Turns: 14986, Time: 00:19:00

Health: 0/92       AC: 15    Str: 32    XL:     12   Next: 32%
Magic:  0/5        EV:  9    Int:  7    God:    Trog [****..]
Gold:   536        SH:  0    Dex: 10    Spells: 11/11 levels left

rFire    . . .     SeeInvis +   A - +2 broad axe (antimagic)
rCold    . . .     Gourm    .   (no shield)
rNeg     . . .     Faith    .   y - +0 plate armour
rPois    +         Spirit   +   (helmet unavailable)
rElec    .         Reflect  .   w - +0 cloak {rPois}
rCorr    .         Harm     .   (no gloves)
MR       +....                  (no boots)
Stlth    ..........             r - amulet of guardian spirit
HPRegen  0.25/turn              b - ring of flight
MPRegen  0.09/turn              (no ring)

@: mighty, very slow
A: permanent stasis, dig shafts and tunnels, four strong arms, antennae 3
a: Dig, Shaft Self, Trog's Hand, Brothers in Arms, Renounce Religion, Evoke
Flight


You were on level 2 of the Lair of Beasts.
You worshipped Trog.
Trog was greatly pleased with you.
You were not hungry.

You visited 2 branches of the dungeon, and saw 13 of its levels.

You collected 776 gold pieces.
You spent 240 gold pieces at shops.

Inventory:

Hand Weapons
 p - a +0 morningstar
 u - a +1 war axe of electrocution
 A - a +2 antimagic broad axe (weapon)
Missiles
 q - 17 boomerangs (quivered)
Armour
 w - a +0 cloak of poison resistance (worn)
 y - a +0 plate armour (worn)
Jewellery
 b - a ring of flight (left hand)
 r - an amulet of guardian spirit (around neck)
Wands
 x - a wand of scattershot (8)
Scrolls
 a - a scroll of enchant weapon
 e - a scroll of summoning {unknown}
 m - a scroll of remove curse
 n - 2 scrolls of enchant armour
 o - a scroll of immolation
 s - a scroll of magic mapping {unknown}
 B - a scroll of torment {unknown}
Potions
 d - a potion of berserk rage {unknown}
 f - a potion of lignification {unknown}
 g - 5 potions of curing
 h - 2 potions of might
 i - 3 potions of heal wounds
 j - 2 potions of flight {unknown}
 k - 2 potions of agility
 l - 4 potions of mutation
 t - a potion of ambrosia
 v - a potion of invisibility {unknown}
 z - a potion of cancellation {unknown}
Comestibles
 c - 26 rations


   Skills:
 + Level 7.8 Fighting
 * Level 14.0 Axes
 - Level 1.0 Throwing
 + Level 9.4 Armour
 + Level 3.8 Dodging
 - Level 1.7 Stealth
 + Level 6.2 Evocations


You had 11 spell levels left.
You didn't know any spells.
Your spell library was empty.

Dungeon Overview and Level Annotations

Branches:
Dungeon (11/15)            Temple (0/1) D:7            Lair (2/6) D:9
  Snake (0/4) Lair:2
  Swamp: Lair:2-4    Shoals: Lair:2-4       Orc: D:9-12

Altars:
Ashenzari
Cheibriados
Elyvilon
Fedhas
Gozag
Kikubaaqudgha
Makhleb
Nemelex Xobeh
Okawaru
Ru
Trog
Xom
Yredelemnul
The Shining One

Shops:
D:5 !%   D:7 !

Annotations:
D:5 3 runed translucent doors, Esekla's ghost, amateur SpAM; OleJ's ghost, novice BaHu; redmage's ghost, amateur TrMo


Innate Abilities, Weirdness & Mutations

You cannot be hasted, slowed, berserked, paralysed or teleported.
You can dig through walls and to a lower floor.
Your four strong arms can wield two-handed weapons with a shield.
You have a pair of large antennae on your head. (SInv)


Message History

Your unstable footing causes you to fumble your attack.
The swamp worm closely misses you.
Unknown command.
Your unstable footing causes you to fumble your attack.
The swamp worm bites you but does no damage.
Unknown command.
Your unstable footing causes you to fumble your attack.
The swamp worm bites you!
* * * LOW HITPOINT WARNING * * *
Unknown command.
Unknown command.
The swamp worm throws harpoon shot at you.
The harpoon shot hits you but does no damage.
The six-headed hydra bites you but does no damage. x2
The six-headed hydra bites you.
* * * LOW HITPOINT WARNING * * *
The six-headed hydra bites you!
* * * LOW HITPOINT WARNING * * *
The six-headed hydra bites you!
You die...

#....##....≈≈≈.#.#.#......##
#...####....≈≈..##.....####
#....P #.....≈..##....#.#
#.... #.#.#..#......#.##
#...#..#.....P###
#P.#.####....### ##...♣
♣....## #♣♣♣♣♣♣♣..♣♣
♣≈≈≈≈≈@...♣ ♣≈≈≈≈wD≈≈♣♣ #
♣≈≈≈≈≈≈≈♣♣ # ♣♣≈≈≈§...♣
...... ♣♣♣♣.§.♣♣ ......
§..♣♣ ...... §♣♣♣♣{{ ......
{ { ##....


You could see a six-headed hydra and a swamp worm.

Vanquished Creatures
  Erica (D:8)
  A deep elf knight (D:11)
  A wizard (D:11)
  An orc knight (D:11)
  A centaur zombie (D:10)
  4 elephants (Lair:2)
  A black mamba (Lair:2)
  A spiny frog (Lair:1)
  A komodo dragon (Lair:1)
  2 hornets
  A troll (D:8)
  3 blink frogs (Lair:2)
  12 yaks (Lair:2)
  A basilisk (Lair:1)
  3 hungry ghosts
  A naga (Lair:2)
  4 water moccasins
  2 porcupines
  2 black bears
  An ice beast (D:10)
  4 phantoms
  5 orc warriors
  A sky beast (D:10)
  3 ogres
  8 wolves
  A centaur (D:9)
  2 crocodiles (Lair:2)
  8 bullfrogs
  2 scorpions
  6 killer bees
  2 electric eels
  A howler monkey (D:6)
  A crimson imp (D:9)
  3 hounds
  6 orc priests
  3 bullfrog skeletons
  A jelly (D:9)
  Crazy Yiuf (D:7)
  A centaur skeleton (D:7)
  6 iguanas
  6 worker ants
  7 orc wizards
  2 hound skeletons
  A worker ant zombie (D:9)
  9 adders
  11 gnolls
  2 shadow imps
  An adder zombie (D:9)
  An adder skeleton (D:4)
  6 worms
  3 dart slugs
  14 leopard geckos
  33 orcs
  3 bat zombies (D:2)
  6 giant cockroaches
  4 goblins
  9 hobgoblins
  6 jackals
  7 kobolds
  5 quokkas
  2 ball pythons
  7 bats
  14 frilled lizards
  A leopard gecko skeleton (D:8)
  10 rats
  2 rat zombies (D:2)
  2 fungi (D:9)
  9 plants
292 creatures vanquished.

Vanquished Creatures (others)
  An orc wizard (D:9)
  An iguana (D:9)
  A bush (Lair:2)
  2 fungi (Lair:2)
5 creatures vanquished.

Grand Total: 297 creatures vanquished

Notes
Turn   | Place    | Note
-------+----------+-------------------------------------------
     0 | D:1      | Inarius the Formicid Berserker began the quest for the Orb.
     0 | D:1      | Reached XP level 1. HP: 18/18 MP: 1/1
    87 | D:1      | Reached XP level 2. HP: 20/24 MP: 2/2
   634 | D:1      | Reached XP level 3. HP: 24/29 MP: 3/3
   942 | D:1      | Reached ** piety under Trog
  1503 | D:2      | Reached skill level 4 in Axes
  1562 | D:2      | Reached XP level 4. HP: 36/36 MP: 4/4
  1625 | D:2      | Reached skill level 1 in Stealth
  1778 | D:2      | Found a white marble altar of Elyvilon.
  2079 | D:2      | Found a sparkling altar of Nemelex Xobeh.
  2452 | D:2      | Reached XP level 5. HP: 41/42 MP: 5/5
  2455 | D:2      | Found an ancient bone altar of Kikubaaqudgha.
  2855 | D:3      | Reached *** piety under Trog
  3541 | D:3      | Found a sacrificial altar of Ru.
  3871 | D:4      | Reached XP level 6. HP: 35/48 MP: 6/6
  4029 | D:3      | Reached skill level 5 in Axes
  4058 | D:3      | HP: 2/48 [poisoned by a scorpion]
  4931 | D:4      | Found a blossoming altar of Fedhas.
  5072 | D:4      | Reached XP level 7. HP: 50/53 MP: 7/7
  5245 | D:5      | Entered Level 5 of the Dungeon
  5250 | D:5      | Found a runed translucent gate.
  5250 | D:5      | Found a runed translucent gate.
  5250 | D:5      | Found a runed translucent gate.
  5257 | D:5      | Noticed OleJ's ghost (novice BaHu)
  5257 | D:5      | Noticed Esekla's ghost (amateur SpAM)
  5257 | D:5      | Noticed redmage's ghost (amateur TrMo)
  5288 | D:5      | Reached skill level 6 in Axes
  5369 | D:5      | Found Kudgh's Distillery.
  5391 | D:5      | Bought a potion of heal wounds for 60 gold pieces
  5391 | D:5      | Bought a potion of degeneration for 12 gold pieces
  5400 | D:5      | Found Toohez's Food Emporium.
  5695 | D:5      | Found a snail-covered altar of Cheibriados.
  5927 | D:5      | Found a glowing golden altar of the Shining One.
  5978 | D:5      | Found a bloodstained altar of Trog.
  6185 | D:6      | Reached skill level 1 in Evocations
  6229 | D:6      | Reached **** piety under Trog
  6292 | D:6      | Reached XP level 8. HP: 57/60 MP: 8/8
  6406 | D:6      | Found a blossoming altar of Fedhas.
  6483 | D:6      | Reached skill level 7 in Axes
  6826 | D:7      | Reached skill level 5 in Armour
  7269 | D:7      | Reached skill level 8 in Axes
  7291 | D:7      | Found Huwoaxov's Distillery.
  7315 | D:7      | Reached XP level 9. HP: 37/66 MP: 9/11
  7579 | D:7      | Found an iron altar of Okawaru.
  7657 | D:7      | Reached ***** piety under Trog
  7760 | D:7      | Found a staircase to the Ecumenical Temple.
  7835 | D:7      | Found a runed translucent door.
  7836 | D:7      | Noticed Crazy Yiuf
  7841 | D:7      | Killed Crazy Yiuf
  8136 | D:8      | Reached skill level 9 in Axes
  8209 | D:8      | Found an opulent altar of Gozag.
  8301 | D:8      | Noticed Erica
  8307 | D:8      | Killed Erica
  8307 | D:8      | Reached skill level 5 in Fighting
  8632 | D:8      | Reached skill level 10 in Axes
  8937 | D:9      | Reached XP level 10. HP: 48/74 MP: 13/13
  9687 | D:8      | Reached skill level 11 in Axes
 10037 | D:9      | Found a shimmering altar of Xom.
 10049 | D:9      | Found a shattered altar of Ashenzari.
 10188 | D:9      | Found a basalt altar of Yredelemnul.
 10188 | D:9      | Found a burning altar of Makhleb.
 10268 | D:9      | Reached skill level 5 in Evocations
 10320 | D:9      | Found a staircase to the Lair.
 10430 | D:10     | Entered Level 10 of the Dungeon
 10831 | D:10     | Reached XP level 11. HP: 71/81 MP: 15/15
 11052 | D:10     | Reached skill level 12 in Axes
 11198 | D:11     | Received a gift from Trog
 11263 | D:11     | Reached skill level 1 in Throwing
 11324 | D:11     | Noticed a wizard
 11325 | D:11     | Noticed a +5 great sword
 11327 | D:11     | Killed a wizard
 11329 | D:11     | Noticed an orc knight
 11329 | D:11     | Noticed a deep elf knight
 11368 | D:11     | Killed an orc knight
 11398 | D:11     | HP: 3/83 [deep elf knight/shard of ice (37)]
 11402 | D:11     | Killed a deep elf knight
 11807 | D:5      | Bought 2 potions of heal wounds for 120 gold pieces
 11807 | D:5      | Bought a potion of might for 48 gold pieces
 11919 | D:11     | Noticed a seven-headed hydra
 11970 | Lair:1   | Entered Level 1 of the Lair of Beasts
 13316 | Lair:2   | Found a staircase to the Snake Pit.
 13469 | Lair:2   | Reached skill level 13 in Axes
 13665 | Lair:2   | Noticed an elephant
 13667 | Lair:2   | Noticed an elephant
 13668 | Lair:2   | Noticed an elephant
 13701 | Lair:2   | Noticed an elephant
 13708 | Lair:2   | Killed an elephant
 13710 | Lair:2   | Killed an elephant
 13717 | Lair:2   | Killed an elephant
 13719 | Lair:2   | Killed an elephant
 14133 | Lair:2   | Reached XP level 12. HP: 91/91 MP: 5/16
 14693 | Lair:2   | Reached skill level 14 in Axes
 14982 | Lair:2   | Noticed a six-headed hydra
 14986 | Lair:2   | Slain by a six-headed hydra

Levels and vault maps discovered:
D:1:      dpeg_arrival_rhombus, layout_basic, chequers_arboretum,
          minmay_tree_intersection
D:2:      layout_loops_ring, lemuel_zombie_altar_kikubaaqudgha,
          nemelex_xobeh_ov_fountains_minmay, lemuel_round_altar, first_ration
D:3:      layout_basic, marbit_many_paths, minmay_misc_feat_encased
D:4:      layout_rooms, fedhas_altar_4
D:5:      layout_loops_ring, kennysheep_slug_shrine, tso_metal_star,
          lightli_temple_of_fire, gammafunk_ghost_cemetery, serial_shops, shop,
          shop
D:6:      layout_basic, lemuel_coloured_pillars_altar, minmay_lizard_king
D:7:      layout_cave_pools, minmay_temple_entry_proselytizer, serial_shops,
          shop, minivault_14, grunt_ogre_cave, okawaru_gym_becter,
          uniq_crazy_yiuf_cottage
D:8:      layout_loops_corners, grunt_gozag_statues, uniq_erica
D:9:      layout_rooms, ashenzari_altar_1, xom_confusion_cloud,
          gammafunk_temple_overflow_wave, grunt_lair_entry_orc_guard_hut
D:10:     layout_basic, st_stairs_1, grunt_ministairs_4, uniq_gastronok
D:11:     layout_stronghold, basic_altar, sword_in_stone
Lair:1:   layout_loops_ring
Lair:2:   layout_hall_layers, palyth_hydra_swamp_entry,
          guppyfry_snake_entry_garden, serial_rivers,
          chequers_serial_rivers_micro_c, chequers_serial_rivers_large_b,
          chequers_serial_rivers_small_3, chequers_serial_rivers_micro_e,
          chequers_serial_rivers_micro_c, chequers_serial_rivers_room_b,
          infiniplex_staircase_pool

Skill      XL: |  1  2  3  4  5  6  7  8  9 10 11 12 |
---------------+-------------------------------------+-----
Dodging        | 2 3 |  3.8
Axes           | 4 5 6 8 10 11 13 14 | 14.0
Stealth        | 1 |  1.7
Armour         | 3 4 5 6 7 9 |  9.4
Fighting       | 4 5 7 |  7.8
Evocations     | 1 2 4 5 6 |  6.2
Throwing       | 1 |  1.0

Action                   |  1- 3 |  4- 6 |  7- 9 | 10-12 || total
-------------------------+-------+-------+-------+-------++-------
Melee: Hand axe          |   103 |   269 |    12 |       ||   384
       War axe           |       |       |   203 |   190 ||   393
       Broad axe         |       |       |       |   248 ||   248
Throw: Boomerang         |       |     3 |     2 |    15 ||    20
Invok: Trog's Hand       |       |       |       |     3 ||     3
       Brothers in Arms  |       |       |       |     1 ||     1
Evoke: Wand              |       |       |     4 |     8 ||    12
  Use: Potion            |       |     1 |       |     7 ||     8
       Scroll            |       |       |    14 |     3 ||    17
 Stab: Paralysed         |       |       |     1 |     5 ||     6
  Eat: Chunk             |     2 |    12 |    12 |    19 ||    45
       Ration            |       |       |       |     3 ||     3
Armor: Animal skin       |    19 |       |       |       ||    19
       Ring mail         |     6 |       |       |       ||     6
       Scale mail        |    18 |   106 |    30 |       ||   154
       Chain mail        |       |       |    52 |    16 ||    68
       Plate armour      |       |       |       |   251 ||   251
Dodge: Dodged            |   105 |   157 |   112 |   192 ||   566
